 Dungeon Crawl Stone Soup version 0.30.0-10-gfe55d96785 (webtiles) character file.

Game seed: 4269632429057080084

19393 qw the Cleaver (level 12, -3/80 HPs)
             Began as a Gargoyle Cinder Acolyte on May 17, 2023.
             Was a Follower of Okawaru.
             Slain by a blink frog (6 damage)
             ... on level 5 of the Lair of Beasts.
             The game lasted 00:06:31 (10787 turns).

qw the Cleaver (Gargoyle Cinder Acolyte)           Turns: 10787, Time: 00:06:31

Health: -3/80      AC: 33    Str: 21    XL:     12   Next: 68%
Magic:  13/15      EV: 13    Int: 17    God:    Okawaru [*.....]
Gold:   761        SH: 12    Dex:  5    Spells: 13/13 levels left

rFire   . . .        Y - +0 broad axe
rCold   . . .        j - +0 kite shield
rNeg    + . .        q - +0 plate armour
rPois   inf          (no helmet)
rElec   +            (no cloak)
rCorr   .            t - +1 pair of gloves
SInv    +            n - +0 pair of boots
Will    .....        (no amulet) Stlth
                     k - +5 ring of evasion
HPRegen 0.33/turn    i - +4 ring of protection
MPRegen 0.14/turn

%: no passive effects
@: about to teleport, heroic, fire susceptible
A: sickness immunity, AC +8, negative energy resistance 1, electricity
resistance, torment resistance 1, petrification resistance, see invisible,
sturdy frame 1
a: Renounce Religion, Heroism


You were on level 5 of the Lair of Beasts.
You worshipped Okawaru.
Okawaru was aware of your devotion.
You visited 2 branches of the dungeon, and saw 15 of its levels.

You collected 801 gold pieces.
You spent 40 gold pieces at shops.


Innate Abilities, Weirdness & Mutations

You are immune to sickness and miasma.
Your stone body is resilient. (AC +8)
You are immune to poison.
You resist negative energy. (rN+)
You are resistant to electric shocks. (rElec)
You are resistant to unholy torment.
You are immune to petrification.
You have supernaturally acute eyesight. (SInv)
Your movements are slightly less encumbered by armour. (ER -2)


   Skills:
 - Level 11.1(16.1) Fighting
 + Level 13.4(18.4) Axes
 - Level 1.0(6.0) Throwing
 - Level 9.1(14.1) Armour
 - Level 1.0(6.0) Dodging
 - Level 11.0(16.0) Shields
 - Level 1.0 Spellcasting
 - Level 3.0 Fire Magic
 - Level 4.0 Invocations


You had 13 spell levels left.
You didn't know any spells.
Your spell library contained the following spells:

 Spells                   Type           Power      Damage    Failure   Level
 Scorch                   Fire           22%        2d6       67%         2

Inventory:

Hand Weapons
 o - a -1 hand axe of flaming
 Y - a +0 broad axe (weapon)
Armour
 j - a +0 kite shield (worn)
 n - a +0 pair of boots (worn)
 q - a +0 plate armour (worn)
 t - a +1 pair of gloves (worn)
Jewellery
 e - a ring of fire
 i - a +4 ring of protection (right hand)
 k - a +5 ring of evasion (left hand)
Scrolls
 f - 3 scrolls of identify
Potions
 a - 3 potions of curing
 d - a potion of resistance
 h - a potion of mutation
 m - 2 potions of haste
 p - a potion of cancellation
 u - a potion of might

Dungeon Overview and Level Annotations

Branches:
Dungeon (11/15)            Temple (0/1) D:7            Lair (2/5) D:11
  Swamp: Lair:2-3    Shoals: Lair:2-3     Snake: Lair:2-3    Spider: Lair:2-3
    Orc: D:9-12

Altars:
Elyvilon
Makhleb
Okawaru
Vehumet
Xom

Shops:
D:1 **[   D:2 *

Portals:
Trove: D:10 (give +7 demon whip)

Annotations:
Lair:1 2 transporters


Message History

The death yak gores you.
The death yak gores you but does no damage.
The death yak gores you!
You slash the death yak!
The death yak is almost dead.
You hit the death yak. You barely miss the death yak.
The death yak barely misses you. You block the death yak's attack. x2
You barely miss the death yak.
The death yak is almost dead.
You slash the death yak! x2
You hit the death yak but do no damage.
The death yak is almost dead.
You slash the death yak! You barely miss the death yak.
You block the death yak's attack. x2; The death yak gores you.
You slice the death yak!!
You kill the death yak!
Okawaru accepts your kill.
You slash the death yak! You barely miss the death yak.
The death yak gores you! The death yak closely misses you.
You hit the death yak.
The death yak is severely wounded.
You miss the blink frog. You barely miss the death yak.
You feel like a meek peon again. The blink frog misses you.
The death yak snorts and paws the ground.
The death yak gores you! x2
10785 ||| READING scroll of teleportation.
As you read the scroll of teleportation, it crumbles to dust.
You feel strangely unstable.
The blink frog hits you but does no damage.
The death yak closely misses you. You block the death yak's attack.
10786 ||| INVOKING Heroism.
You gain the combat prowess of a mighty hero.
The blink frog hits you but does no damage.
The death yak closely misses you. The death yak gores you!
You hit the death yak but do no damage.
The death yak is severely wounded.
You barely miss the blink frog. You slash the death yak!
The blink frog hits you.
You die...

#### ##... #...
#.... #....
.... P.... ...
...... ..
....P.##.#
.....P..Y##.##
.......@F....#
....#...Y.P....
. #..........
#.....##.##
.....## .#
....##. . .....
# ....#.


You could see 2 death yaks and a blink frog.

Vanquished Creatures
  Josephine (D:9)
  2 two-headed ogres (D:9)
  2 death yaks (Lair:5)
  A deep elf pyromancer (D:11)
  An oklob plant (D:11)
  Maggie (D:9)
  3 cane toads (Lair:1)
  A kobold demonologist (D:11)
  2 komodo dragons (Lair:1)
  10 blink frogs
  27 yaks
  6 fire elementals (Lair:1)
  5 wraiths
  4 wyverns
  A steam dragon (D:9)
  4 vampire mosquitoes (D:7)
  An acid dragon (D:8)
  5 water moccasins
  Duvessa (D:6)
  2 black bears
  3 orc warriors
  2 sky beasts (D:6)
  14 wolves (Lair:1)
  A centaur (D:8)
  5 phantoms
  3 kobold brigands
  Blork the orc (D:6)
  2 bullfrogs (Lair:1)
  A gnoll sergeant (D:8)
  3 scorpions
  3 wights (D:7)
  Dowan (D:6)
  7 killer bees
  4 howler monkeys (D:8)
  2 electric eels
  2 hounds (D:6)
  A gnoll bouda (D:5)
  5 orc priests
  Terence (D:2)
  2 sleepcaps
  5 iguanas
  12 orc wizards
  10 gnolls
  2 adders
  A shadow imp (D:7)
  2 white imps (D:6)
  An ufetubus (D:6)
  3 dart slugs
  34 orcs
  5 ball pythons
  8 bats
  12 endoplasms
  10 goblins
  10 hobgoblins
  16 kobolds
  4 quokkas
  6 frilled lizards
  5 rats
289 creatures vanquished.

Vanquished Creatures (others)
  2 orcs
2 creatures vanquished.

Grand Total: 291 creatures vanquished

Notes
Turn   | Place    | Note
-------+----------+-------------------------------------------
     0 | D:1      | qw the Gargoyle Cinder Acolyte began the quest for the Orb.
     0 | D:1      | Reached XP level 1. HP: 14/14 MP: 2/2
     0 | D:1      | 0 ||| qw: Version: 0.2-a-95-g4c1bab1
     0 | D:1      | 0 ||| qw: Game counter: 160
     0 | D:1      | 0 ||| qw: Always use a shield: true
     0 | D:1      | 0 ||| qw: God list: Okawaru
     0 | D:1      | 0 ||| qw: Allow faded altars: false
     0 | D:1      | 0 ||| qw: Do Orc after D:15 true
     0 | D:1      | 0 ||| qw: Do second Lair branch before Depths: true
     0 | D:1      | 0 ||| qw: Lair rune preference: random
     0 | D:1      | 0 ||| qw: Plans: Normal
     0 | D:1      | 0 ||| PLANNING D:1-11
   140 | D:1      | Reached skill level 3 in Axes
   168 | D:1      | Reached XP level 2. HP: 15/19 MP: 3/3
   175 | D:1      | 175 ||| Stepping ~*~*~tactically~*~*~ (stealth).
   180 | D:1      | 180 ||| Stepping ~*~*~tactically~*~*~ (stealth).
   410 | D:1      | Found Asala's Armour Boutique.
   417 | D:1      | 417 ||| SHOPLISTING +1 pair of gloves (161 gold, have 20).
   526 | D:1      | Found Wyiwen's Assorted Antiques.
   536 | D:1      | 536 ||| SHOPLISTING pair of boots (85 gold, have 20).
   536 | D:1      | 536 ||| BUYING scroll labelled ONUOSUBRUF (19 gold).
   536 | D:1      | Bought a scroll labelled ONUOSUBRUF for 19 gold pieces
   643 | D:1      | Reached XP level 3. HP: 23/23 MP: 4/4
   730 | D:1      | Found Papon's General Store.
   734 | D:1      | 734 ||| SHOPLISTING potion of heal wounds (55 gold, have
                  | 1).
   734 | D:1      | 734 ||| SHOPLISTING potion of resistance (110 gold, have
                  | 1).
   734 | D:1      | 734 ||| SHOPLISTING scroll of acquirement (572 gold, have
                  | 1).
   734 | D:1      | 734 ||| SHOPLISTING scroll of teleportation (33 gold, have
                  | 1).
   804 | D:1      | 804 ||| UPGRADING to +0 chain mail.
   814 | D:1      | 814 ||| DROPPING +0 robe.
   815 | D:1      | 815 ||| UPGRADING to +4 ring of protection.
   816 | D:1      | 816 ||| READING 2 scrolls labelled WEIGUU RE NIH.
   817 | D:1      | 817 ||| READING 4 scrolls labelled ONUOSUBRUF.
   818 | D:1      | 818 ||| DRINKING 2 fizzy green potions.
   819 | D:1      | 819 ||| DROPPING scroll of butterflies.
   853 | D:2      | Found a faded altar of an unknown god.
   899 | D:2      | 899 ||| Stepping ~*~*~tactically~*~*~ (hiding).
   900 | D:2      | 900 ||| Stepping ~*~*~tactically~*~*~ (hiding).
   936 | D:2      | Reached skill level 1 in Armour
   976 | D:2      | 976 ||| Stepping ~*~*~tactically~*~*~ (hiding).
   977 | D:2      | 977 ||| Stepping ~*~*~tactically~*~*~ (hiding).
   978 | D:2      | 978 ||| Stepping ~*~*~tactically~*~*~ (hiding).
  1118 | D:2      | Noticed Terence
  1136 | D:2      | Killed Terence
  1137 | D:2      | Reached skill level 4 in Axes
  1137 | D:2      | Reached XP level 4. HP: 19/28 MP: 5/5
  1251 | D:2      | Found Vuvotitu's Assorted Antiques.
  1258 | D:2      | 1258 ||| SHOPLISTING 2 smoky red potions (37 gold, have
                  | 36).
  1258 | D:2      | 1258 ||| SHOPLISTING coral ring (105 gold, have 36).
  1258 | D:2      | 1258 ||| SHOPLISTING dented copper amulet (105 gold, have
                  | 36).
  1258 | D:2      | 1258 ||| BUYING scroll labelled PAOCARACZE (21 gold).
  1258 | D:2      | Bought a scroll labelled PAOCARACZE for 21 gold pieces
  1606 | D:2      | 1606 ||| UPGRADING to amulet of guardian spirit.
  1611 | D:2      | 1611 ||| UPGRADING to ring of willpower.
  1612 | D:2      | 1612 ||| READING scroll labelled FEFRUVVAKK.
  1628 | D:2      | 1628 ||| READING 2 scrolls labelled PAOCARACZE.
  1632 | D:2      | 1632 ||| READING 4 scrolls of identify.
  1632 | D:2      | 1632 ||| IDENTIFYING grey potion
  1633 | D:2      | 1633 ||| DROPPING potion of attraction.
  2128 | D:3      | 2128 ||| READING scroll labelled TEQEP SOAN.
  2130 | D:3      | 2130 ||| READING scroll labelled XIFIOPO UXOIS.
  2176 | D:3      | 2176 ||| READING 3 scrolls of identify.
  2176 | D:3      | 2176 ||| IDENTIFYING green potion
  2177 | D:3      | 2177 ||| READING 2 scrolls of identify.
  2177 | D:3      | 2177 ||| IDENTIFYING purple potion
  2813 | D:3      | 2813 ||| DROPPING potion of brilliance.
  2862 | D:4      | 2862 ||| Stepping ~*~*~tactically~*~*~ (hiding).
  2864 | D:4      | 2864 ||| INVOKING Fiery Armour.
  2875 | D:4      | Reached XP level 5. HP: 29/32 MP: 6/6
  3048 | D:4      | Reached skill level 5 in Axes
  3175 | D:4      | 3175 ||| Stepping ~*~*~tactically~*~*~ (hiding).
  3178 | D:4      | 3178 ||| Stepping ~*~*~tactically~*~*~ (hiding).
  3181 | D:4      | 3181 ||| Stepping ~*~*~tactically~*~*~ (hiding).
  3281 | D:4      | 3281 ||| INVOKING Fiery Armour.
  3282 | D:4      | Found an iron altar of Okawaru.
  3290 | D:4      | 3290 ||| Stepping ~*~*~tactically~*~*~ (stealth).
  3291 | D:4      | 3291 ||| Stepping ~*~*~tactically~*~*~ (stealth).
  3300 | D:4      | 3300 ||| Stepping ~*~*~tactically~*~*~ (stealth).
  3301 | D:4      | 3301 ||| Stepping ~*~*~tactically~*~*~ (stealth).
  3311 | D:4      | Reached XP level 6. HP: 38/38 MP: 7/7
  3315 | D:4      | Found a shimmering altar of Xom.
  3319 | D:4      | Found a shimmering altar of Xom.
  3319 | D:4      | Found a shimmering altar of Xom.
  3346 | D:4      | Found a shimmering altar of Xom.
  3347 | D:4      | Found a shimmering altar of Xom.
  3347 | D:4      | Found a shimmering altar of Xom.
  3349 | D:4      | Found a shimmering altar of Xom.
  3484 | D:4      | 3484 ||| READING scroll labelled LOZYLO DIETS.
  3485 | D:4      | 3485 ||| DRINKING 2 metallic orange potions.
  3533 | D:4      | 3533 ||| DRINKING 2 metallic dark potions.
  3533 | D:4      | Reached skill level 12 in Axes
  3533 | D:4      | Reached XP level 7. HP: 43/43 MP: 8/8
  3534 | D:4      | 3534 ||| DRINKING potion of experience.
  3534 | D:4      | Reached XP level 8. HP: 60/60 MP: 9/9
  3535 | D:4      | 3535 ||| DROPPING potion of lignification.
  3558 | D:5      | Entered Level 5 of the Dungeon
  3814 | D:5      | 3814 ||| Stepping ~*~*~tactically~*~*~ (hiding).
  3815 | D:5      | 3815 ||| Stepping ~*~*~tactically~*~*~ (hiding).
  3817 | D:5      | 3817 ||| Stepping ~*~*~tactically~*~*~ (stealth).
  3933 | D:5      | You fall into a shaft and drop 2 floors!
  3944 | D:7      | 3944 ||| UPGRADING to +5 ring of evasion.
  3946 | D:7      | 3946 ||| UPGRADING to +4 ring of protection.
  3948 | D:7      | 3948 ||| DROPPING ring of willpower.
  3949 | D:7      | 3949 ||| READING scroll labelled IROQUL WOUF KOK.
  3950 | D:7      | 3950 ||| DRINKING 2 bubbling silvery potions.
  3950 | D:7      | Gained mutation: You have supernaturally acute eyesight.
                  | (SInv) [potion of mutation]
  3950 | D:7      | Gained mutation: Your movements are slightly less
                  | encumbered by armour. (ER -2) [potion of mutation]
  4187 | D:5      | 4187 ||| Stepping ~*~*~tactically~*~*~ (hiding).
  4314 | D:5      | Reached skill level 3 in Armour
  4347 | D:5      | 4347 ||| READING scroll labelled VAISIP VEFF.
  4418 | D:6      | Reached skill level 1 in Throwing
  4469 | D:6      | Noticed Blork the orc
  4487 | D:6      | Killed Blork the orc
  4526 | D:6      | Found a burning altar of Makhleb.
  4613 | D:6      | 4613 ||| Stepping ~*~*~tactically~*~*~ (stealth).
  4628 | D:6      | Found a white marble altar of Elyvilon.
  4629 | D:6      | Found a radiant altar of Vehumet.
  4660 | D:6      | Reached XP level 9. HP: 64/64 MP: 10/10
  4741 | D:6      | Noticed Dowan
  4742 | D:6      | 4742 ||| Stepping ~*~*~tactically~*~*~ (hiding).
  4743 | D:6      | 4743 ||| Stepping ~*~*~tactically~*~*~ (hiding).
  4744 | D:6      | 4744 ||| Stepping ~*~*~tactically~*~*~ (hiding).
  4745 | D:6      | 4745 ||| Stepping ~*~*~tactically~*~*~ (hiding).
  4746 | D:6      | 4746 ||| Stepping ~*~*~tactically~*~*~ (hiding).
  4750 | D:6      | Noticed Duvessa
  4751 | D:6      | 4751 ||| INVOKING Fiery Armour.
  4761 | D:6      | Killed Duvessa
  4765 | D:6      | Killed Dowan
  4947 | D:6      | Reached skill level 1 in Dodging
  4981 | D:6      | 4981 ||| Stepping ~*~*~tactically~*~*~ (hiding).
  4983 | D:6      | 4983 ||| Stepping ~*~*~tactically~*~*~ (hiding).
  5413 | D:6      | 5413 ||| READING scroll labelled TAROMA PUKATI.
  5414 | D:6      | 5414 ||| READING scroll labelled TAOSON TAYLA.
  5500 | D:7      | 5500 ||| Stepping ~*~*~tactically~*~*~ (hiding).
  5644 | D:7      | 5644 ||| Stepping ~*~*~tactically~*~*~ (stealth).
  5646 | D:7      | 5646 ||| Stepping ~*~*~tactically~*~*~ (hiding).
  5725 | D:7      | Found a staircase to the Ecumenical Temple.
  5726 | D:7      | 5726 ||| Stepping ~*~*~tactically~*~*~ (stealth).
  5729 | D:7      | 5729 ||| INVOKING Fiery Armour.
  5798 | D:7      | 5798 ||| SWAPPING to +0 hand axe of electrocution.
  5861 | D:7      | 5861 ||| Stepping ~*~*~tactically~*~*~ (hiding).
  5864 | D:7      | 5864 ||| Stepping ~*~*~tactically~*~*~ (stealth).
  5866 | D:7      | 5866 ||| Stepping ~*~*~tactically~*~*~ (hiding).
  5868 | D:7      | 5868 ||| Stepping ~*~*~tactically~*~*~ (hiding).
  6096 | D:7      | 6096 ||| UPGRADING to +0 kite shield.
  6101 | D:7      | 6101 ||| UPGRADING to +0 pair of boots.
  6106 | D:7      | 6106 ||| READING 3 scrolls of identify.
  6106 | D:7      | 6106 ||| IDENTIFYING ruby potion
  6107 | D:7      | 6107 ||| READING 2 scrolls of identify.
  6107 | D:7      | 6107 ||| IDENTIFYING orange potion
  6108 | D:7      | 6108 ||| DROPPING potion of magic.
  6109 | D:7      | 6109 ||| DROPPING potion of flight.
  6269 | D:8      | 6269 ||| Stepping ~*~*~tactically~*~*~ (stealth).
  6272 | D:8      | 6272 ||| Stepping ~*~*~tactically~*~*~ (hiding).
  6278 | D:8      | 6278 ||| Stepping ~*~*~tactically~*~*~ (stealth).
  6279 | D:8      | 6279 ||| Stepping ~*~*~tactically~*~*~ (stealth).
  6280 | D:8      | 6280 ||| Stepping ~*~*~tactically~*~*~ (stealth).
  6288 | D:8      | 6288 ||| INVOKING Fiery Armour.
  6291 | D:8      | 6291 ||| Stepping ~*~*~tactically~*~*~ (hiding).
  6303 | D:8      | Reached XP level 10. HP: 69/69 MP: 11/11
  6306 | D:8      | 6306 ||| Stepping ~*~*~tactically~*~*~ (hiding).
  6311 | D:8      | Reached skill level 1 in Shields
  6341 | D:8      | Reached skill level 3 in Shields
  6667 | D:8      | 6667 ||| UPGRADING to +0 plate armour.
  6677 | D:8      | 6677 ||| DROPPING +0 chain mail.
  6678 | D:8      | 6678 ||| READING scroll labelled MEIPAPP MIZEPP.
  6679 | D:8      | 6679 ||| READING scroll labelled ORPHIA NISSEHY.
  6680 | D:8      | 6680 ||| READING 2 scrolls of identify.
  6680 | D:8      | 6680 ||| IDENTIFYING puce potion
  6812 | D:9      | 6812 ||| Stepping ~*~*~tactically~*~*~ (hiding).
  6982 | D:9      | Noticed Maggie
  6996 | D:9      | 6996 ||| INVOKING Fiery Armour.
  7004 | D:9      | Killed Maggie
  7005 | D:9      | Reached skill level 6 in Shields
  7324 | D:9      | 7324 ||| Stepping ~*~*~tactically~*~*~ (stealth).
  7326 | D:9      | 7326 ||| Stepping ~*~*~tactically~*~*~ (hiding).
  7335 | D:9      | 7335 ||| Stepping ~*~*~tactically~*~*~ (stealth).
  7337 | D:9      | 7337 ||| Stepping ~*~*~tactically~*~*~ (hiding).
  7438 | D:9      | 7438 ||| SWAPPING to +0 war axe.
  7439 | D:9      | 7439 ||| DROPPING +1 hand axe of electrocution.
  7512 | D:9      | 7512 ||| Stepping ~*~*~tactically~*~*~ (stealth).
  7517 | D:9      | 7517 ||| INVOKING Fiery Armour.
  7530 | D:9      | Reached XP level 11. HP: 72/74 MP: 12/12
  7692 | D:9      | 7692 ||| UPGRADING to +0 pair of gloves.
  7697 | D:9      | 7697 ||| DROPPING +6 ring of dexterity.
  7698 | D:9      | 7698 ||| READING 2 scrolls of identify.
  7698 | D:9      | 7698 ||| IDENTIFYING dark potion
  7724 | D:10     | Entered Level 10 of the Dungeon
  7724 | D:10     | Noticed Josephine
  7724 | D:10     | Noticed a two-headed ogre
  7725 | D:10     | 7725 ||| INVOKING Fiery Armour.
  7728 | D:10     | 7728 ||| STAIRDANCE
  7733 | D:9      | Killed a two-headed ogre
  7737 | D:9      | Reached skill level 6 in Armour
  7739 | D:9      | HP: 16/71 [Josephine/+0 dagger (6)]
  7740 | D:9      | 7740 ||| READING 2 scrolls of teleportation.
  7741 | D:9      | 7741 ||| DRINKING 2 potions of heal wounds.
  7841 | D:10     | 7841 ||| INVOKING Fiery Armour.
  7841 | D:10     | Noticed a two-headed ogre
  7850 | D:10     | 7850 ||| STAIRDANCE
  7857 | D:9      | Killed a two-headed ogre
  7860 | D:9      | Reached skill level 9 in Shields
  7991 | D:9      | 7991 ||| SWAPPING to +0 broad axe.
  7992 | D:9      | 7992 ||| DROPPING +0 war axe.
  8103 | D:10     | Found a portal to a secret trove of treasure.
  8151 | D:10     | 8151 ||| Stepping ~*~*~tactically~*~*~ (stealth).
  8152 | D:10     | 8152 ||| Stepping ~*~*~tactically~*~*~ (stealth).
  8292 | D:10     | 8292 ||| READING scroll of enchant armour.
  8292 | D:10     | 8292 ||| ENCHANTING +0 pair of gloves.
  8374 | D:10     | 8374 ||| READING 4 scrolls of identify.
  8374 | D:10     | 8374 ||| IDENTIFYING smoky red potion
  8375 | D:10     | 8375 ||| READING 3 scrolls of identify.
  8375 | D:10     | 8375 ||| IDENTIFYING blue potion
  8376 | D:10     | 8376 ||| READING 2 scrolls of identify.
  8376 | D:10     | 8376 ||| IDENTIFYING clear potion
  8377 | D:10     | 8377 ||| DROPPING potion of ambrosia.
  8378 | D:10     | 8378 ||| DROPPING potion of degeneration.
  8444 | D:11     | 8444 ||| Stepping ~*~*~tactically~*~*~ (hiding).
  8446 | D:11     | 8446 ||| INVOKING Fiery Armour.
  8591 | D:11     | Found a staircase to the Lair.
  8592 | D:11     | Noticed an oklob plant
  8593 | D:11     | 8593 ||| INVOKING Fiery Armour.
  8599 | D:11     | Killed an oklob plant
  8744 | D:11     | 8744 ||| Stepping ~*~*~tactically~*~*~ (hiding).
  8748 | D:11     | Noticed a deep elf pyromancer
  8755 | D:11     | Killed a deep elf pyromancer
  8851 | D:11     | 8851 ||| INVOKING Fiery Armour.
  8969 | D:11     | 8969 ||| PLANNING OKAWARU WORSHIP
  8969 | D:11     | 8969 ||| READING scroll labelled FUZXUD AKUFI.
  9022 | D:9      | 9022 ||| Stepping ~*~*~tactically~*~*~ (stealth).
  9024 | D:9      | 9024 ||| Stepping ~*~*~tactically~*~*~ (hiding).
  9025 | D:9      | 9025 ||| Stepping ~*~*~tactically~*~*~ (hiding).
  9044 | D:9      | Killed Josephine
  9155 | D:4      | Fell from the grace of Ignis
  9155 | D:4      | Became a worshipper of Warmaster Okawaru
  9156 | D:4      | 9156 ||| PLANNING LAIR
  9156 | D:4      | 9156 ||| REMOVING amulet of guardian spirit.
  9161 | D:4      | 9161 ||| DROPPING amulet of guardian spirit.
  9318 | Lair:1   | Entered Level 1 of the Lair of Beasts
  9349 | Lair:1   | Reached XP level 12. HP: 31/80 MP: 13/13
  9351 | Lair:1   | HP: 18/80 [blink frog (13)]
  9352 | Lair:1   | 9352 ||| READING 2 scrolls of teleportation.
  9353 | Lair:1   | 9353 ||| DRINKING potion of heal wounds.
  9515 | Lair:1   | 9515 ||| Stepping ~*~*~tactically~*~*~ (stealth).
  9657 | Lair:1   | Reached * piety under Okawaru
  9658 | Lair:1   | Reached skill level 9 in Armour
  9715 | Lair:1   | 9715 ||| Stepping ~*~*~tactically~*~*~ (stealth).
  9723 | Lair:1   | Reached skill level 1 in Invocations
  9740 | Lair:1   | 9740 ||| Stepping ~*~*~tactically~*~*~ (stealth).
  9750 | Lair:1   | 9750 ||| Stepping ~*~*~tactically~*~*~ (stealth).
  9797 | Lair:1   | Reached skill level 3 in Invocations
  9820 | Lair:1   | 9820 ||| INVOKING Heroism.
  9837 | Lair:1   | 9837 ||| Stepping ~*~*~tactically~*~*~ (stealth).
  9844 | Lair:1   | 9844 ||| INVOKING Heroism.
  9861 | Lair:1   | 9861 ||| INVOKING Heroism.
 10186 | Lair:1   | 10186 ||| INVOKING Heroism.
 10200 | Lair:1   | You fall into a shaft and drop 1 floor!
 10201 | Lair:2   | 10201 ||| Stepping ~*~*~tactically~*~*~ (stealth).
 10202 | Lair:2   | 10202 ||| READING scroll labelled NAWUM MAUKHLUL.
 10235 | Lair:1   | Found a transporter.
 10235 | Lair:1   | Noticed a boulder beetle
 10236 | Lair:1   | Found a transporter.
 10344 | Lair:1   | 10344 ||| Stepping ~*~*~tactically~*~*~ (stealth).
 10346 | Lair:1   | 10346 ||| Stepping ~*~*~tactically~*~*~ (stealth).
 10347 | Lair:1   | 10347 ||| INVOKING Heroism.
 10359 | Lair:1   | Reached skill level 13 in Axes
 10366 | Lair:1   | 10366 ||| INVOKING Heroism.
 10408 | Lair:1   | 10408 ||| INVOKING Heroism.
 10710 | Lair:2   | Noticed a skyshark
 10720 | Lair:2   | You fall into a shaft and drop 2 floors!
 10748 | Lair:4   | You fall into a shaft and drop 1 floor!
 10748 | Lair:5   | Entered Level 5 of the Lair of Beasts
 10749 | Lair:5   | 10749 ||| INVOKING Heroism.
 10750 | Lair:5   | Noticed a death yak
 10753 | Lair:5   | Noticed a death yak
 10756 | Lair:5   | Noticed a death yak
 10763 | Lair:5   | Noticed a death yak
 10765 | Lair:5   | Killed a death yak
 10783 | Lair:5   | Killed a death yak
 10784 | Lair:5   | HP: 16/80 [death yak (7)]
 10785 | Lair:5   | 10785 ||| READING scroll of teleportation.
 10786 | Lair:5   | 10786 ||| INVOKING Heroism.
 10786 | Lair:5   | HP: 3/80 [death yak (14)]
 10787 | Lair:5   | Slain by a blink frog

Levels and vault maps discovered:
D:1:      lemuel_arrival_tunnels, layout_basic, serial_shops,
          nicolae_shop_back_alley_shop, nicolae_shop_statue_plus, shop
D:2:      layout_loops_cross, shapermc_ecumenical_altar_gd, serial_shops,
          nicolae_shop_tiny_waterfront, uniq_terence
D:3:      layout_loops_corners, serial_bayou, serial_bayou_shore_a,
          serial_bayou_lagoon_b, serial_bayou_pond_d, serial_bayou_crossing
D:4:      layout_cave_pools, nicolae_xom_altar_mimics, okawaru_altar_gauntlet_db
D:5:      layout_gridville
D:6:      layout_cave_pods, minitemple, mainiacjoe_overflow_24_doors,
          uniq_blork_the_orc, uniq_duvessa
D:7:      layout_rooms, temple_statues
D:8:      layout_basic
D:9:      layout_loops_cross, dk_noncrumbling_3, uniq_maggie
D:10:     layout_big_octagon, nicolae_trove_entry_free_sample, uniq_josephine
D:11:     layout_basic, dpeg_oklobed_lair
Lair:1:   gammafunk_boulding_lane, layout_regular_city
Lair:2:   minmay_lair_oklob_tunnel, layout_loops_ring, dreamdust_wasp_nest,
          uniq_urug
Lair:4:   wad_woods_structure_01, layout_long_grid,
          minmay_slime_entry_oklob_enclosed, chequers_serial_rivers_micro_e,
          pond, infiniplex_staircase_pool_2
Lair:5:   hellmonk_lair_end_abyssal_woods, layout_misc_corridors,
          grunt_forest_large_clearing_hut

Skill      XL: |  1  2  3  4  5  6  7  8  9 10 11 12 |
---------------+-------------------------------------+-----
Axes           | 3 4 5 12 13 | 13.4
Armour         | 1 2 3 5 8 9 |  9.1
Fighting       | 4 11 | 11.1
Throwing       | 1 |  1.0
Dodging        | 1 |  1.0
Shields        | 7 10 11 | 11.0
Invocations    | 4 |  4.0
Spellcasting   | |  1.0
Fire Magic     | |  3.0

Action                     |  1- 3 |  4- 6 |  7- 9 | 10-12 || total
---------------------------+-------+-------+-------+-------++-------
  Melee: Hand axe          |   136 |   131 |   328 |   182 ||   777
         Punch             |       |     2 |     3 |       ||     5
         War axe           |       |       |       |    56 ||    56
         Broad axe         |       |       |       |   365 ||   365
  Throw: Boomerang         |       |       |    54 |    41 ||    95
 Invoke: Fiery Armour      |       |     2 |     3 |     7 ||    12
         Heroism           |       |       |       |     9 ||     9
    Use: Scroll            |     2 |     8 |     6 |    13 ||    29
         Potion            |     1 |     2 |     2 |     2 ||     7
 Armour: Robe              |    31 |       |       |       ||    31
         Chain mail        |    41 |    75 |   110 |    45 ||   271
         Plate armour      |       |       |       |   356 ||   356
  Dodge: Dodged            |    67 |    35 |   112 |   362 ||   576
  Block: Kite shield       |       |       |       |   329 ||   329

Table legend:
 A = Non-vault XP
 B = Vault XP
 C = Vault XP percentage of total XP
 D = Non-vault monster count
 E = Vault monster count
 F = Vault count percentage of total count
                 A         B        C        D         E       F
            +---------+---------+-------+---------+---------+-------
      Total |   23788 |    2992 |  11.2 |     266 |      17 |   6.0
            +---------+---------+-------+---------+---------+-------
        D:1 |      41 |       0 |   0.0 |      25 |       0 |   0.0
        D:2 |      36 |      36 |  50.0 |      15 |       1 |   6.2
        D:3 |      16 |       0 |   0.0 |       8 |       0 |   0.0
        D:4 |     194 |      12 |   5.8 |      31 |       6 |  16.2
        D:5 |     466 |       0 |   0.0 |      17 |       0 |   0.0
        D:6 |     981 |     305 |  23.7 |      20 |       3 |  13.0
        D:7 |    1515 |       0 |   0.0 |      24 |       0 |   0.0
        D:8 |    2257 |       0 |   0.0 |      24 |       0 |   0.0
        D:9 |    4529 |    2127 |  32.0 |      26 |       6 |  18.8
       D:10 |     604 |       0 |   0.0 |      10 |       0 |   0.0
       D:11 |    3186 |     512 |  13.8 |      23 |       1 |   4.2
     Lair:1 |    7814 |       0 |   0.0 |      39 |       0 |   0.0
     Lair:5 |    2149 |       0 |   0.0 |       4 |       0 |   0.0
            +---------+---------+-------+---------+---------+-------
